 Dungeon Crawl Stone Soup version 0.30-a0-883-g5ad918d77d (webtiles) character file.

Game seed: 1159087340872348880

18687 Jeffwins the Skirmisher (level 12, -11/76 HPs)
             Began as a Human Wanderer on Mar 16, 2023.
             Was an Elder of Kikubaaqudgha.
             Mangled by a large abomination (34 damage)
             ... in a Gauntlet.
             The game lasted 00:22:42 (12777 turns).

Jeffwins the Skirmisher (Human Wanderer)           Turns: 12777, Time: 00:22:42

Health: -11/76     AC:  7    Str: 11 (12) XL:     12   Next: 98%
Magic:  0/19       EV: 11    Int: 15 (16) God:    Kikubaaqudgha [****..]
Gold:   674        SH:  0    Dex: 19 (21) Spells: 7/20 levels left

rFire   . . .      SeeInvis +    a - +1 shortbow (flame)
rCold   . . .      Faith    .    (shield currently unavailable)
rNeg    . . .      Spirit   +    J - +1 robe {rC+}
rPois   .          Reflect  .    f - +0 helmet
rElec   .          Rampage  .    H - +0 cloak
rCorr   .          NoTele   +    r - +0 pair of gloves
Will    .....      Harm     + .  k - +0 pair of boots
Stlth   +++                      t - amulet of Lady Luck {Spirit Harm rC- Slay+6 SInv}
HPRegen 0.32/turn                X - +6 ring of dexterity
MPRegen 0.16/turn                (no ring)

@: no status effects
A: no striking features
a: Renounce Religion, Unearth Wretches


You were in a Gauntlet.
You worshipped Kikubaaqudgha.
Kikubaaqudgha was greatly pleased with you.
You visited 3 branches of the dungeon, and saw 13 of its levels.
You also visited: Gauntlet.

You collected 674 gold pieces.


   Skills:
 - Level 1.0 Fighting
 - Level 2.0 Axes
 * Level 13.3 Ranged Weapons
 - Level 6.0 Throwing
 - Level 5.0 Stealth
 + Level 4.8 Spellcasting
 * Level 8.0 Necromancy
 * Level 8.0 Earth Magic
 + Level 7.3 Evocations


You had 7 spell levels left.
You knew the following spells:

 Your Spells              Type           Power      Damage    Failure   Level
d - Animate Dead          Necr           27%        N/A       6%          4
n - Dispel Undead         Necr           27%        3d13      6%          4
v - Borgnjor's Vile Clut  Necr/Erth      13%        N/A       17%         5

Your spell library contained the following spells:

 Spells                   Type           Power      Damage    Failure   Level
 Necrotise                Necr           100%       1d9       1%          1
 Sublimation of Blood     Necr           27%        N/A       1%          2
 Vampiric Draining        Necr           27%        2d7       1%          3
 Cigotuvi's Dreadful Rot  Necr/Pois/Air  22%        N/A       9%          2
 Apportation              Tloc           6%         N/A       17%         1
 Magic Dart               Conj           12%        1d3       17%         1
 Summon Small Mammal      Summ           12%        N/A       17%         1
 Searing Ray              Conj           6%         2d4       26%         2
 Anguish                  Hex/Necr       7%         N/A       32%         4
 Petrify                  Tmut/Erth      15%        N/A       32%         4
 Call Canine Familiar     Summ           3%         N/A       45%         3
 Portal Projectile        Hex/Tloc       6%         N/A       45%         3
 Summon Guardian Golem    Hex/Summ       3%         N/A       45%         3
 Tukima's Dance           Hex            3%         N/A       45%         3
 Death Channel            Necr           13%        N/A       67%         6
 Fulminant Prism          Conj/Hex       1%         3d5       86%         4
 Blade Hands              Tmut           1%         N/A       99%         5
 Irradiate                Conj/Tmut      1%         3d12      99%         5
 Simulacrum               Ice/Necr       7%         N/A       99%         6

Inventory:

Hand Weapons
 a - a +1 shortbow of flaming (weapon)
 b - a +0 arbalest
 p - the +3 morningstar "Uloc" {heavy, rElec Will+ Int+4 Dex+4}
   (You found it on level 10 of the Dungeon)

   Int:       It affects your intelligence (+4).
   Dex:       It affects your dexterity (+4).
   rElec:     It insulates you from electricity.
   Will:      It increases your willpower.
 x - a +7 scythe of flaming
 A - a +2 sling
 B - the +3 flail of Context {freeze, Int+6 Dex-3}
   (You found it on level 5 of the Dungeon)

   Int:       It affects your intelligence (+6).
   Dex:       It affects your dexterity (-3).
 G - a +1 shortbow of draining
Missiles
 c - 57 poisoned darts
 o - 9 silver boomerangs
 I - 7 curare-tipped darts {=f}
Armour
 e - the +1 hat "Loixzoli" {rC++}
   (You found it in a Gauntlet)

   rC:        It greatly protects you from cold.
 f - a +0 helmet (worn)
 k - a +0 pair of boots (worn)
 l - a +1 scale mail of fire resistance
 r - a +0 pair of gloves (worn)
 H - a +0 cloak (worn)
 J - a +1 robe of cold resistance (worn)
 L - +0 acid dragon scales
Jewellery
 g - an amulet of regeneration
 t - the amulet of Lady Luck (around neck) {Spirit Harm rC- Slay+6 SInv}
   (You found it on level 4 of the Dungeon)

   [amulet of guardian spirit]

   It causes incoming damage to be divided between your reserves of health and
   magic.
   Slay:      It affects your accuracy & damage with ranged weapons and melee
   (+6).
   rC:        It makes you vulnerable to cold.
   SInv:      It lets you see invisible.
   Harm:      It increases damage dealt and taken.
 C - a ring of ice
 X - a +6 ring of dexterity (left hand)
Wands
 j - a wand of iceblast (9)
 w - a wand of flame (30)
 K - a wand of polymorph (16)
Scrolls
 h - 2 scrolls of vulnerability {!r}
 m - a scroll of enchant armour
 q - 2 scrolls of fog
 u - 2 scrolls of amnesia
 v - a scroll of brand weapon
 y - 3 scrolls of immolation {!r}
 z - a scroll of enchant weapon
 D - a scroll of magic mapping
 F - 4 scrolls of teleportation {@r4}
 O - a scroll of fear
 R - a scroll of torment {!r}
 S - a scroll of identify {@r1}
Potions
 d - 2 potions of brilliance
 i - 3 potions of mutation {!q}
 n - 3 potions of attraction {!q}
 s - 4 potions of curing {@q1}
 E - 2 potions of flight
 M - a potion of berserk rage {!q}
 P - a potion of haste {@q3}
 Q - 2 potions of degeneration {!q}

Dungeon Overview and Level Annotations

Branches:
Dungeon (10/15)            Temple (1/1) D:6            Lair (2/5) D:10
  Swamp (0/4) Lair:2        Snake (0/4) Lair:2      Gauntlet (1/1)
    Orc: D:9-12

Altars:
Ashenzari
Cheibriados
Dithmenos
Elyvilon
Fedhas
Gozag
Hepliaklqana
Kikubaaqudgha
Makhleb
Nemelex Xobeh
Okawaru
Qazlal
Ru
Sif Muna
Trog
Uskayaw
Vehumet
Wu Jian
Xom
Yredelemnul
Zin
The Shining One

Shops:
D:6 (

Annotations:
D:7 2 transporters, bmack86's ghost, novice MiFi Gauntlet 10 transporters, 1 runed translucent door, exclusion: orange crystal statue

▒▒▒▒▒▒▒▒▒▒▒▒▒▒▒▒§▒≈▒≈▒≈▒§▒≈▒≈▒▒
▒▒≈▒≈▒≈▒≈▒≈▒§▒≈▒...............▒
▒≈....................8......8.§
▒▒.8.....8.....8...............▒
▒§...............▒▒▒▒▒▒▒▒▒▒▒...≈
▒▒...▒▒▒▒▒▒▒▒▒...▒...▓.▓...▒...▒
▒≈...▒...▒▒..▒...▒..▓...▓..▒...≈
▒▒...▒▒▒...▒.▒▒▒▒▒.▓▓...▓▓.▒...▒
▒≈...▒..▒..▒X▒.@.▒▓..▓.▓▓.|▒...§
▒▒.8©▒..▒©▒Xx▒x8X▒....©.▒.©▒.8.▒
▒≈...▒.▒..▒:x▒...▒▓..▓.▓▓.=▒...≈
▒▒...▒.▒...▒▒▒▒▒▒▒y▓▓...▓▓?▒...▒
▒≈...▒..▒▒...▒...▒yy▓...▓..▒..§≈
▒▒...▒▒▒▒▒▒▒▒▒...▒...▓.▓...▒...▒
▒§...............▒▒▒▒▒▒▒▒▒▒▒...§
▒▒§8.....8.....8...............▒
▒▒.....................8.....8.▒▒


You could see 3 large abominations, 3 small abominations and 3 meliai.


Message History

The large abomination hits you.
* * * LOW HITPOINT WARNING * * *
The small abomination closely misses you.
Fire: a) +1 shortbow (flame)
Press: ? - help, Q - select action, (/) - cycle Shift-Dir - straight line, f/p - large abomination
Aim: a large abomination (heavily damaged, 82% to hit)
You shoot an arrow. The arrow hits the large abomination.
The arrow burns the large abomination.
The large abomination is severely damaged.
The large abomination barely misses you.
The small abomination hits you but does no damage.
Fire: a) +1 shortbow (flame)
Press: ? - help, Q - select action, (/) - cycle Shift-Dir - straight line, f/p - large abomination
Aim: a large abomination (severely damaged, 82% to hit)
You shoot an arrow. The arrow hits the large abomination.
The arrow burns the large abomination.
The large abomination is almost destroyed.
The small abomination hits you!
* * * LOW HITPOINT WARNING * * *
The large abomination barely misses you.
Fire: a) +1 shortbow (flame)
Press: ? - help, Q - select action, (/) - cycle Shift-Dir - straight line, f/p - large abomination
Aim: a large abomination (almost destroyed, 82% to hit)
You shoot an arrow.
The arrow hits the large abomination but does no damage.
The large abomination is almost destroyed.
The small abomination closely misses you.
The large abomination hits you!!
You die...
Kikubaaqudgha rasps: "You have failed me!
Welcome... death!"

Skill      XL: |  1  2  3  4  5  6  7  8  9 10 11 12 |
---------------+-------------------------------------+-----
Stealth        | 1 2 3 4 5 |  5.0
Ranged Weapons | 6 7 9 10 11 12 13 | 13.3
Throwing       | 3 4 5 6 |  6.0
Evocations     | 2 4 5 6 7 |  7.3
Necromancy     | 4 6 8 |  8.0
Earth Magic    | 4 6 8 |  8.0
Spellcasting   | 2 3 4 |  4.8
Fighting       | |  1.0
Axes           | |  2.0

Action                     |  1- 3 |  4- 6 |  7- 9 | 10-12 || total
---------------------------+-------+-------+-------+-------++-------
   Fire: Sling             |    68 |   103 |   150 |       ||   321
         Shortbow          |       |       |   110 |   620 ||   730
  Throw: Dart              |       |       |       |     3 ||     3
   Cast: Animate Dead      |       |       |       |     3 ||     3
  Evoke: Wand              |       |       |       |    14 ||    14
    Use: Scroll            |       |       |    13 |    13 ||    26
         Potion            |       |       |       |     5 ||     5
 Armour: Robe              |     1 |       |       |    64 ||    65
         Leather armour    |     7 |     9 |    21 |     7 ||    44
         Skin              |       |       |       |     5 ||     5
  Dodge: Dodged            |     8 |    11 |    43 |   147 ||   209

Levels and vault maps discovered:
D:1:      nicolae_arrival_somewhat_less_tricky_arrival, layout_basic
D:2:      layout_basic, uniq_jessica
D:3:      layout_loops_corners, mainiacjoe_overflow_catwalk,
          nicolae_ecumenical_oubliette, small_statue_intersection,
          minmay_misc_feat_rugged
D:4:      layout_rooms, gammafunk_temple_overflow_claw, st_stairs_11,
          serial_park_tiny_1, chequers_serial_rivers_micro_b,
          minmay_misc_feat_columns, uniq_sigmund, uniq_menkaure, uniq_grinder,
          uniq_natasha
D:5:      layout_rooms, mainiacjoe_overflow_small_starburst
D:6:      nicolae_whirlpool, layout_basic, minmay_temple_entry_from_below_a,
          serial_shops, shop
D:7:      layout_cave_pools, tgw_xom, gammafunk_ghost_stat_death, uniq_duvessa,
          uniq_crazy_yiuf_cottage
D:8:      nzn_winding_woodlands_stair_cross [nzn_winding_woodlands_5x15_garden,
          nzn_winding_woodlands_center_triple_pond,
          nzn_winding_woodlands_5x15_longhouse,
          nzn_winding_woodlands_5x5_perimeter, nzn_winding_woodlands_hourglass,
          nzn_winding_woodlands_5x15_default,
          nzn_winding_woodlands_center_lodge,
          nzn_winding_woodlands_5x15_sawtooth], layout_basic, uniq_erica
D:9:      layout_gridville, lemuel_tele_altar, minmay_misc_feat_ornament,
          uniq_maurice
D:10:     layout_cave_pools, vehumet_statue, minitemple, kennysheep_slug_shrine,
          hellmonk_lair_entry_icy, uniq_gastronok
Temple:   nicolae_temple_ecumenical_triangle
Lair:1:   layout_regular_city
Lair:2:   layout_regular_city, nicolae_swamp_entry_splash_gauntlet,
          minmay_snake_entry_six_corridors, gauntlet_entry_generic
Gauntlet: minmay_gauntlet_mixed_oops_all_seconds
          [minmay_gauntlet_arena_77_squiggly, nicolae_gauntlet_swirl,
          minmay_gauntlet_arena_77_path, gammafunk_gauntlet_arena_chambers,
          minmay_gauntlet_arena_77_box, gammafunk_gauntlet_arena_split_diamond,
          gauntlet_exit_green]

Notes
Turn   | Place    | Note
-------+----------+-------------------------------------------
     0 | D:1      | Jeffwins the Human Wanderer began the quest for the Orb.
     0 | D:1      | Jeffwins set off with the following items: a +2 sling, a +0
                  | hand axe, 7 poisoned darts, a +0 dagger, a scroll of fear,
                  | a +0 robe.
     0 | D:1      | Reached XP level 1. HP: 15/15 MP: 1/1
    48 | D:1      | Reached XP level 2. HP: 21/21 MP: 2/2
   268 | D:1      | Reached skill level 1 in Stealth
   377 | D:1      | Reached XP level 3. HP: 26/26 MP: 3/3
   978 | D:2      | Reached XP level 4. HP: 32/32 MP: 4/4
  1193 | D:2      | Noticed Jessica
  1198 | D:2      | Killed Jessica
  1231 | D:2      | Reached skill level 2 in Stealth
  1231 | D:2      | Reached XP level 5. HP: 37/37 MP: 5/5
  1327 | D:2      | Reached skill level 6 in Ranged Weapons
  1395 | D:2      | Reached skill level 3 in Throwing
  1699 | D:3      | You fall into a shaft and drop 2 floors!
  1699 | D:5      | Entered Level 5 of the Dungeon
  1745 | D:4      | Noticed Menkaure
  1750 | D:5      | Noticed a phantom
  1758 | D:5      | Killed a phantom
  1759 | D:5      | Reached XP level 6. HP: 43/43 MP: 6/6
  1825 | D:5      | Found a shadowy altar of Dithmenos.
  1827 | D:5      | Noticed a black bear
  2029 | D:4      | Killed Menkaure
  2030 | D:4      | Reached skill level 3 in Stealth
  2030 | D:4      | Reached XP level 7. HP: 27/48 MP: 7/7
  2049 | D:4      | Noticed Grinder
  2050 | D:4      | Paralysed by Grinder for 5 turns
  2066 | D:4      | Paralysed by Grinder for 5 turns
  2077 | D:4      | Killed Grinder
  2078 | D:4      | Reached skill level 7 in Ranged Weapons
  2078 | D:4      | Reached skill level 4 in Throwing
  2098 | D:4      | Noticed Natasha
  2101 | D:4      | Killed Natasha
  2191 | D:4      | Noticed Natasha
  2196 | D:4      | Reached skill level 4 in Stealth
  2211 | D:4      | Killed Natasha
  2256 | D:4      | Noticed Sigmund
  2258 | D:4      | Identified the amulet of Lady Luck {Spirit Harm rC- Slay+6
                  | SInv}
  2276 | D:4      | Noticed Natasha
  2307 | D:4      | Found a broken altar of Ashenzari.
  2307 | D:4      | Found a glowing golden altar of the Shining One.
  2307 | D:4      | Found a hazy altar of Hepliaklqana.
  2369 | D:4      | Reached XP level 8. HP: 24/54 MP: 2/8
  2709 | D:3      | Found a faded altar of an unknown god.
  2999 | D:3      | Found an ornate altar of the Wu Jian Council.
  3301 | D:4      | Reached skill level 8 in Ranged Weapons
  3580 | D:4      | Killed Natasha
  3667 | D:4      | Killed Sigmund
  3668 | D:4      | Reached skill level 5 in Throwing
  3668 | D:4      | Reached skill level 5 in Stealth
  3668 | D:4      | Reached skill level 1 in Evocations
  4004 | D:5      | Reached skill level 9 in Ranged Weapons
  4004 | D:5      | Reached skill level 2 in Evocations
  4004 | D:5      | Reached XP level 9. HP: 59/59 MP: 9/9
  4057 | D:5      | Identified the +3 flail of Context {freeze, Int+6 Dex-3}
  4386 | D:6      | Found a staircase to the Ecumenical Temple.
  4621 | D:6      | Reached skill level 6 in Throwing
  4621 | D:6      | Reached skill level 3 in Evocations
  4798 | D:6      | Reached skill level 10 in Ranged Weapons
  4964 | D:6      | Reached skill level 4 in Evocations
  5138 | D:6      | Found Buggiesm's Weapon Boutique.
  5388 | D:6      | Reached XP level 10. HP: 65/65 MP: 10/10
  5418 | D:6      | Learned a level 5 spell: Borgnjor's Vile Clutch
  5783 | D:7      | Found a transporter.
  5790 | D:7      | Noticed Duvessa
  5793 | D:7      | Noticed Dowan
  5795 | D:7      | Killed Duvessa
  5796 | D:7      | Reached skill level 1 in Necromancy
  5796 | D:7      | Reached skill level 1 in Earth Magic
  5797 | D:7      | Killed Dowan
  5798 | D:7      | Reached skill level 11 in Ranged Weapons
  5798 | D:7      | Found a transporter.
  5840 | D:7      | Reached skill level 1 in Spellcasting
  6013 | D:7      | Noticed bmack86's ghost (novice MiFi)
  6040 | D:7      | Learned a level 4 spell: Dispel Undead
  6126 | D:7      | Reached skill level 2 in Necromancy
  6130 | D:7      | Reached skill level 2 in Earth Magic
  6152 | Temple   | Entered the Ecumenical Temple
  6197 | Temple   | Became a worshipper of Kikubaaqudgha
  6258 | D:7      | Reached skill level 5 in Evocations
  6445 | D:7      | Found a runed translucent door.
  6446 | D:7      | Noticed Crazy Yiuf
  6684 | D:7      | Found a shimmering altar of Xom.
  6795 | D:7      | Killed Crazy Yiuf
  6867 | D:8      | Reached * piety under Kikubaaqudgha
  6867 | D:8      | Received a gift from Kikubaaqudgha
  6875 | D:8      | Reached skill level 3 in Necromancy
  6881 | D:8      | Reached skill level 3 in Earth Magic
  6973 | D:8      | Noticed Erica
  6980 | D:8      | Killed Erica
  6981 | D:8      | Reached skill level 2 in Spellcasting
  7573 | D:8      | Noticed a two-headed ogre
  7763 | D:8      | Reached skill level 4 in Necromancy
  7814 | D:8      | Reached skill level 4 in Earth Magic
  7814 | D:8      | Reached XP level 11. HP: 16/70 MP: 5/14
  8332 | D:8      | Killed a two-headed ogre
  8383 | D:8      | Reached skill level 3 in Spellcasting
  8404 | D:8      | Noticed a two-headed ogre
  8420 | D:8      | Killed a two-headed ogre
  8421 | D:8      | Reached skill level 12 in Ranged Weapons
  8421 | D:8      | Reached skill level 5 in Necromancy
  8421 | D:8      | Reached skill level 5 in Earth Magic
  8426 | D:8      | Reached skill level 6 in Evocations
  8500 | D:8      | Reached ** piety under Kikubaaqudgha
  9017 | D:9      | Noticed Maurice
  9018 | D:9      | Maurice changed into Maurice the centaur
  9018 | D:9      | Noticed Maurice
  9021 | D:9      | Killed Maurice the centaur
  9180 | D:9      | Noticed a two-headed ogre
  9184 | D:9      | Killed a two-headed ogre
  9206 | D:9      | Noticed a two-headed ogre
  9213 | D:9      | Killed a two-headed ogre
  9347 | D:9      | Reached skill level 6 in Necromancy
  9347 | D:9      | Reached skill level 6 in Earth Magic
  9525 | D:9      | Found a sacrificial altar of Ru.
 10165 | D:10     | Entered Level 10 of the Dungeon
 10229 | D:9      | Reached *** piety under Kikubaaqudgha
 10229 | D:9      | Received a gift from Kikubaaqudgha
 10295 | D:10     | Reached XP level 12. HP: 31/76 MP: 10/17
 10547 | D:10     | Found a snail-covered altar of Cheibriados.
 10625 | D:10     | Noticed Gastronok
 10645 | D:10     | Killed Gastronok
 10646 | D:10     | Reached skill level 4 in Spellcasting
 10688 | D:10     | Found a white marble altar of Elyvilon.
 10688 | D:10     | Found an iron altar of Okawaru.
 10695 | D:10     | Found a hide-covered altar of Uskayaw.
 10915 | D:10     | Reached skill level 7 in Necromancy
 10931 | D:10     | Found a staircase to the Lair.
 10977 | D:10     | Reached skill level 7 in Earth Magic
 11037 | D:10     | HP: 6/76 [polar bear (26)]
 11364 | D:10     | Identified the +3 morningstar "Uloc" {heavy, rElec Will+
                  | Int+4 Dex+4}
 11378 | D:10     | Found a radiant altar of Vehumet.
 11461 | Lair:1   | Entered Level 1 of the Lair of Beasts
 11468 | Lair:1   | Reached skill level 13 in Ranged Weapons
 11481 | Lair:1   | Reached skill level 7 in Evocations
 11503 | Lair:1   | Learned a level 4 spell: Animate Dead
 11519 | Lair:1   | Reached **** piety under Kikubaaqudgha
 12280 | Lair:2   | Found a gate leading to a gauntlet.
 12316 | Lair:2   | HP: 3/75 [yak (12)]
 12352 | Lair:2   | HP: 11/114 [water moccasin (2)]
 12386 | Lair:2   | Reached skill level 8 in Necromancy
 12391 | Lair:2   | Reached skill level 8 in Earth Magic
 12499 | Gauntlet | Entered a Gauntlet
 12499 | Gauntlet | Found a transporter.
 12507 | Gauntlet | Noticed a large abomination
 12578 | Gauntlet | Found a transporter.
 12581 | Gauntlet | Noticed a large abomination
 12598 | Gauntlet | Found a transporter.
 12598 | Gauntlet | Found a transporter.
 12617 | Gauntlet | Found a transporter.
 12630 | Gauntlet | Found a transporter.
 12643 | Gauntlet | Found a transporter.
 12644 | Gauntlet | Noticed a glowing orange brain
 12660 | Gauntlet | Found a transporter.
 12664 | Gauntlet | Found a transporter.
 12667 | Gauntlet | Noticed a quicksilver ooze
 12672 | Gauntlet | Found a transporter.
 12690 | Gauntlet | Found a runed translucent door.
 12702 | Gauntlet | Found a transporter.
 12702 | Gauntlet | Found a transporter.
 12764 | Gauntlet | Identified the +1 hat "Loixzoli" {rC++}
 12777 | Gauntlet | Mangled by a large abomination

Vanquished Creatures
  Gastronok (D:10)
  Erica (D:8)
  4 two-headed ogres
  A black mamba (Lair:1)
  4 cane toads (Lair:1)
  A kobold demonologist (D:10)
  A rime drake (D:10)
  A komodo dragon (Lair:1)
  4 polar bears
  2 hornets
  Sigmund (D:4)
  18 yaks
  A wraith (D:8)
  A basilisk (Lair:1)
  4 wyverns
  A steam dragon (D:8)
  Menkaure (D:4)
  An acid dragon (D:8)
  Duvessa (D:7)
  8 orc warriors
  4 water moccasins
  5 ice beasts
  2 sky beasts
  3 black bears
  3 wolves (D:10)
  10 centaurs
  3 phantoms
  7 kobold brigands
  4 bullfrogs
  3 scorpions
  9 wights
  Dowan (D:7)
  12 killer bees
  2 howler monkeys
  3 jellies
  15 orc priests
  Crazy Yiuf (D:7)
  3 hounds
  3 sleepcaps
  Jessica (D:2)
  Natasha (twice) (D:4)
  2 iguanas (D:5)
  11 orc wizards
  A statue (D:10)
  9 gnolls
  4 adders
  3 shadow imps
  2 white imps
  An ufetubus (D:6)
  3 worms
  3 dart slugs
  46 orcs
  7 ball pythons
  7 bats
  7 endoplasms
  5 giant cockroaches
  12 goblins
  6 hobgoblins
  3 jackals (D:2)
  36 kobolds
  4 quokkas
  2 frilled lizards
  5 rats
332 creatures vanquished.

Vanquished Creatures (collateral kills)
  Grinder (D:4)
  A water moccasin (Lair:1)
  Natasha (D:4)
  A gnoll (D:7)
  An orc (D:7)
5 creatures vanquished.

Vanquished Creatures (others)
  6 fungi (Lair:2)
  8 plants
14 creatures vanquished.

Grand Total: 351 creatures vanquished

Table legend: (Time is in decaauts)
 A = Elapsed time spent in this place.
 B = Non-inter-level travel time spent in this place.
 C = Inter-level travel time spent in this place.
 D = Time resting spent in this place.
 E = Time spent auto-exploring this place.
 F = Levels seen in this place.
 G = Mean time per level.
                   A        B        C        D        E       F      G
               +--------+--------+--------+--------+--------+-----+--------+
         Total |  12809 |  12393 |    416 |   1749 |   8395 |  14 |  914.9 |
       Dungeon |  11457 |  11082 |    375 |   1611 |   7475 |  10 | 1145.7 |
        Temple |     54 |     46 |      8 |      0 |     33 |   1 |   54.0 |
          Lair |   1020 |    987 |     33 |    138 |    664 |   2 |  510.0 |
      Gauntlet |    276 |    276 |      0 |      0 |    223 |   1 |  276.0 |
               +--------+--------+--------+--------+--------+-----+--------+

Top non-repeatable levels by time:
     D:8: 2032 daAuts
     D:6: 1527 daAuts
     D:9: 1368 daAuts
     D:7: 1138 daAuts
    D:10: 1080 daAuts
     D:4: 1071 daAuts
     D:3: 1066 daAuts
     D:1: 927 daAuts
  Lair:1: 803 daAuts
     D:2: 752 daAuts
     D:5: 493 daAuts
Gauntlet: 276 daAuts
  Lair:2: 216 daAuts
  Temple: 54 daAuts

Table legend:
 A = Non-vault XP
 B = Vault XP
 C = Vault XP percentage of total XP
 D = Non-vault monster count
 E = Vault monster count
 F = Vault count percentage of total count
                 A         B        C        D         E       F
            +---------+---------+-------+---------+---------+-------
      Total |   16901 |    9796 |  36.7 |     279 |      59 |  17.5
            +---------+---------+-------+---------+---------+-------
        D:1 |      48 |       0 |   0.0 |      29 |       0 |   0.0
        D:2 |      83 |      37 |  30.8 |      25 |       1 |   3.8
        D:3 |      24 |       0 |   0.0 |      11 |       0 |   0.0
        D:4 |     434 |     871 |  66.7 |      18 |       8 |  30.8
        D:5 |     725 |       0 |   0.0 |      15 |       0 |   0.0
        D:6 |    1616 |     341 |  17.4 |      44 |       3 |   6.4
        D:7 |     705 |     597 |  45.9 |      25 |      10 |  28.6
        D:8 |    1219 |    4679 |  79.3 |      29 |      24 |  45.3
        D:9 |    3287 |     110 |   3.2 |      23 |       1 |   4.2
       D:10 |    2356 |    3161 |  57.3 |      34 |      12 |  26.1
     Lair:1 |    4537 |       0 |   0.0 |      16 |       0 |   0.0
     Lair:2 |    1867 |       0 |   0.0 |      10 |       0 |   0.0
            +---------+---------+-------+---------+---------+-------
